 Dungeon Crawl Stone Soup version 0.18.1-48-g4cf74bf (webtiles) character file.

82 Heedrag the Conjurer (level 4, -1/24 HPs)
             Began as a Deep Elf Conjurer on July 31, 2016.
             Slain by an orc (3 damage)
             ... on level 3 of the Dungeon.
             The game lasted 00:03:07 (1043 turns).

Heedrag the Conjurer (Deep Elf Conjurer)            Turns: 1043, Time: 00:03:08

Health: -1/24      AC:  2    Str:  6    XL:     4   Next: 21%
Magic:  1/12       EV: 13    Int: 20    God:
Gold:   115        SH:  0    Dex: 15    Spells: 2 memorised, 7 levels left

rFire  . . .     SeeInvis .     d - +2 dagger (venom)
rCold  . . .     Gourm    .     a - +0 robe
rNeg   . . .     Faith    .     (no shield)
rPois  .         Spirit   .     (no helmet)
rElec  .         Dismiss  .     (no cloak)
rCorr  .         Reflect  .     (no gloves)
SustAt .         Harm     .     (no boots)
MR     .....                    (no amulet)
Stlth  ++........               (no ring)
                                (no ring)

@: very slightly contaminated, not resistant to hostile enchantments, unstealthy
A: no striking features
a: no special abilities


You were on level 3 of the Dungeon.
You were hungry.

You visited 1 branch of the dungeon, and saw 3 of its levels.

You collected 115 gold pieces.

Inventory:

Hand Weapons
 d - a +2 dagger of venom (weapon)
 i - a +0 hand axe of venom
Armour
 a - a +0 robe (worn)
Jewellery
 e - an uncursed ring of fire
Scrolls
 g - 4 scrolls of teleportation {unknown}
 j - a scroll of magic mapping {unknown}
 k - a scroll of recharging {unknown}
 p - a scroll of enchant weapon {unknown}
Potions
 f - a potion of resistance {unknown}
 m - a potion of curing {unknown}
 o - a potion of invisibility {unknown}
Books
 b - a book of Conjurations

   Spells                             Type                      Level
   a - Magic Dart                     Conjuration                  1
   b - Searing Ray                    Conjuration                  2
   c - Dazzling Spray                 Conjuration/Hexes            3
   d - Fulminant Prism                Conjuration/Hexes            4
   e - Iskenderun's Mystic Blast      Conjuration                  4
   f - Iskenderun's Battlesphere      Conjuration/Charms           5
Comestibles
 c - 2 bread rations
 h - a slice of pizza
 l - a beef jerky
 n - 2 chunks of flesh


   Skills:
 - Level 2.4 Dodging
 - Level 2.4 Stealth
 + Level 4.2 Spellcasting
 * Level 5.7 Conjurations


You had 7 spell levels left.
You knew the following spells:

 Your Spells              Type           Power        Failure   Level  Hunger
a - Magic Dart            Conj           ####         1%          1    None
b - Dazzling Spray        Conj/Hex       ###...       14%         3    ###....


Dungeon Overview and Level Annotations

Branches:
Dungeon (3/15)

Altars:
Okawaru

Annotations:
D:2 Terence


Message History

Confirm wit' . or Enter, or press ? or * ta list all spells.
Aimin': Magic Dart
Press: ? - help, Shift-Dir - straight line, f/p - orc wizard
Aim: an orc wizard, wieldin' a dagger an' wearin' a robe (severely wounded, poison'd) Tha magic dart hits tha orc wizard.
Tha orc wizard be almost dead.
Tha orc wizard hits ye wit' a dagger.
* * * LOW HITPOINT WARNIN'
* * * Ye kill tha orc wizard!
Ye haf reached level 4!
Ye feel cle'er.
Ye see 'ere a bat skeleton.
Castin': Magic Dart Confirm wit' . or Enter, or press ? or * ta list all spells.
Aimin': Magic Dart
Press: ? - help, Shift-Dir - straight line, f - orc
Aim: an orc, wearin' a leathar armour Tha magic dart hits tha orc.
Tha orc be severely wounded.
Tha orc hits ye.
Ye die...

##########
##.<....... #
#......#### ###.#
####..###.#
......##@.)....# #
#.[.o.o....#....#
####>##.##.##.....
...(...........†..
.###.##.##.##.....
# #.##.# ....
#..... . .###.# .


You could see 2 orcs.

Vanquished Creatures
  An orc wizard (D:3)
  A gnoll (D:2)
  An adder (D:2)
  A worm (D:2)
  A giant gecko (D:1)
  4 orcs
  2 ball pythons
  2 giant cockroaches
  3 hobgoblins
  4 bats
  A giant newt (D:1)
  2 goblins
  6 kobolds
  2 rats
31 creatures vanquished.

Notes
Turn   | Place    | Note
--------------------------------------------------------------
     0 | D:1      | Heedrag the Deep Elf Conjurer began the quest for the Orb.
     0 | D:1      | Reached XP level 1. HP: 10/10 MP: 6/6
    80 | D:1      | Reached XP level 2. HP: 15/15 MP: 1/8
   568 | D:2      | Reached skill level 5 in Conjurations
   630 | D:2      | Reached XP level 3. HP: 8/19 MP: 1/10
   636 | D:2      | Found an iron altar of Okawaru.
   785 | D:2      | Learned a level 3 spell: Dazzling Spray
   846 | D:2      | Noticed Terence
  1042 | D:3      | Reached XP level 4. HP: 2/24 MP: 1/12
  1043 | D:3      | Slain by an orc

Skill      XL: |  1  2  3 |
---------------+----------+-----
Conjurations   | 5 |  5.7
Spellcasting   | 4 |  4.2
Dodging        | |  2.4
Stealth        | |  2.4

Action                   |  1- 3 |  4- 6 || total
-------------------------+-------+-------++-------
Melee: Unarmed           |     3 |       ||     3
       Dagger            |    18 |       ||    18
 Cast: Magic Dart        |    57 |     1 ||    58
       Dazzling Spray    |     1 |       ||     1
Armor: Robe              |    11 |       ||    11
Dodge: Dodged            |    39 |       ||    39
